 Dungeon Crawl Stone Soup version 0.32-a0-673-g3729bd50f8 (webtiles) character file.

Game seed: 2590850475741870844

88 mopl the Magician (level 4, -2/27 HPs)
             Began as an Octopode Hedge Wizard on Mar 10, 2024.
             Slain by an orc wizard
             ... wielding a +0 dagger
              (4 damage)
             ... on level 3 of the Dungeon.
             The game lasted 00:02:34 (1556 turns).

mopl the Magician (Octopode Hedge Wizard)           Turns: 1556, Time: 00:02:35

Health: -2/27      AC:  1    Str:  9    XL:     4   Next: 54%
Magic:  5/9        EV: 13    Int: 18    God:
Gold:   26         SH:  0    Dex: 11    Spells: 7/10 levels left

rFire   . . .        a - +0 dagger
rCold   . . .        (no shield)
rNeg    . . .        b - +0 hat
rPois   .            (no amulet)
rElec   .            h - +4 ring of slaying
rCorr   .            (no ring)
SInv    .            (no ring)
Will    .....        (no ring)
Stlth   +++          (no ring)
HPRegen 0.24/turn    (no ring)
MPRegen 0.11/turn    (no ring)
                     (no ring)

%: no passive effects
@: no status effects
A: almost no armour, amphibious, 8 rings, camouflage 1, gelatinous body 1,
(nimble swimmer 1), tentacles
a: no special abilities


You were on level 3 of the Dungeon.
You visited 1 branch of the dungeon, and saw 3 of its levels.

You collected 149 gold pieces.
You spent 123 gold pieces at shops.

Inventory:

Hand Weapons
 a - a +0 dagger (weapon)
Missiles
 i - 3 javelins
Armour
 b - a +0 hat (worn)
Jewellery
 h - a +4 ring of slaying (left tentacle)
Scrolls
 d - 2 scrolls of identify {unknown}
 e - a scroll of fear {unknown}
 g - a scroll of noise {unknown}
 j - 2 scrolls of teleportation {unknown}
 n - a scroll of acquirement {unknown}
 o - a scroll of fog {unknown}
Potions
 c - a potion of magic
 f - 3 potions of lignification {unknown}
 k - a potion of attraction {unknown}
 l - 2 potions of curing {unknown}
 m - 2 potions of heal wounds {unknown}


   Skills:
 - Level 2.0 Dodging
 - Level 2.6 Stealth
 + Level 3.7 Spellcasting
 + Level 2.4 Conjurations
 - Level 1.0 Summonings
 + Level 2.4 Translocations


You had 7 spell levels left.
You knew the following spells:

 Your Spells              Type           Power      Damage    Failure   Level
a - Magic Dart            Conj           48%        1d5       5%          1
e - Blink                 Tloc           24%        N/A       9%          2

Your spell library contained the following spells:

 Spells                   Type           Power      Damage    Failure   Level
 Slow                     Hex            12%        N/A       16%         1
 Call Imp                 Summ           14%        N/A       16%         2
 Cigotuvi's Dreadful Rot  Necr/Alch/Air  6%         N/A       22%         2
 Mephitic Cloud           Conj/Alch/Air  6%         N/A       32%         3


Dungeon Overview and Level Annotations

Branches:
Dungeon (3/15)

Altars:

Shops:
D:1 *


Innate Abilities, Weirdness & Mutations

You cannot wear most types of armour.
You are amphibious.
You can wear up to eight rings at the same time.
Your skin changes colour to match your surroundings (Stealth+).
Your rubbery body absorbs attacks. (AC +1, EV +1)
((You are camouflaged when in or above water. (Stealth+)))
You have tentacles for arms and can constrict up to eight enemies at once.


Message History

Something tries to affect you, but you resist.
Something hits you.
In your confused state, you trip and fall back down the stairs.
Something hits you.
Unknown command.
You completely miss something. Something hits you.
You feel less confused. Something hits you.
You closely miss something. Your squeeze misses something. Something hits you.
* * * LOW HITPOINT WARNING * * *
You closely miss something. Something hits you.
* * * LOW HITPOINT WARNING * * *
Casting: Magic Dart (safe; 5% risk of failure)
Confirm with . or Enter, or press ? or * to list all spells.
Aiming: Magic Dart (safe; 5% risk of failure)
Press: ? - help, Shift-Dir - straight line The magic dart hits something.
Something barely misses you.
Unknown command.
Casting: Magic Dart (safe; 5% risk of failure)
Confirm with . or Enter, or press ? or * to list all spells.
Aiming: Magic Dart (safe; 5% risk of failure)
Press: ? - help, Shift-Dir - straight line The magic dart hits something but does no damage.
Something hits you.
* * * LOW HITPOINT WARNING * * *
Unknown command.
Casting: Magic Dart (safe; 5% risk of failure)
Confirm with . or Enter, or press ? or * to list all spells.
Aiming: Magic Dart (safe; 5% risk of failure)
Press: ? - help, Shift-Dir - straight line The magic dart hits something but does no damage.
Something hits you.
* * * LOW HITPOINT WARNING * * *
Unknown command.
Casting: Magic Dart (safe; 5% risk of failure)
Confirm with . or Enter, or press ? or * to list all spells.
Aiming: Magic Dart (safe; 5% risk of failure)
Press: ? - help, Shift-Dir - straight line The magic dart hits something.
Something hits you.
You die...

####################
#####...<............##.
#......@{)##########....
#.###.###.# ####' # #
###.### ### ..{##
#.....# #.#
......#.###.### #.#
#...# #...# #.# #####
###.# #.# #.# #.#
#.########.#


There were no monsters in sight!

Vanquished Creatures
  3 adders (D:2)
  A ribbon worm (D:3)
  2 orcs
  A bat (D:2)
  8 endoplasms
  A giant cockroach (D:1)
  5 goblins
  6 hobgoblins
  4 jackals (D:1)
  2 quokkas
  6 ball pythons
  2 frilled lizards
  6 kobolds
  6 rats
53 creatures vanquished.

Notes
Turn   | Place    | Note
-------+----------+-------------------------------------------
     0 | D:1      | mopl the Octopode Hedge Wizard began the quest for the Orb.
     0 | D:1      | Reached XP level 1. HP: 11/11 MP: 4/4
    82 | D:1      | Reached XP level 2. HP: 14/17 MP: 1/6
   131 | D:1      | Learned a level 2 spell: Blink
   274 | D:1      | Found Near's Assorted Antiques.
   627 | D:1      | Reached XP level 3. HP: 17/21 MP: 7/7
   719 | D:2      | Reached skill level 2 in Conjurations
   719 | D:2      | Reached skill level 2 in Translocations
   809 | D:2      | Reached XP level 4. HP: 27/27 MP: 5/9
  1074 | D:2      | Identified the +1 robe "Omuchuw" {*Slow rF++ rCorr Int+3}
  1276 | D:1      | Bought a cyan potion for 20 gold pieces
  1276 | D:1      | Bought a sedimented green potion for 20 gold pieces
  1276 | D:1      | Bought a sedimented green potion for 20 gold pieces
  1276 | D:1      | Bought a smoky blue potion for 20 gold pieces
  1276 | D:1      | Bought a smoky blue potion for 20 gold pieces
  1276 | D:1      | Bought a scroll labelled MEMEOL URUTS for 23 gold pieces
  1555 | D:3      | HP: 1/27 [something (1)]
  1556 | D:3      | Slain by an orc wizard

Illustrated notes

Levels and vault maps discovered:
D:1:      minmay_arrival_jagged, layout_basic, serial_shops,
          nicolae_shop_overgrown_old_shop
D:2:      layout_rooms, minmay_quadrilaterals
D:3:      minmay_door_path, layout_loops_ring, serial_rivers,
          chequers_serial_rivers_room_a, chequers_serial_rivers_large_b,
          chequers_serial_rivers_micro_d, chequers_serial_rivers_room_b,
          minmay_joined_circles

Skill      XL: |  1  2  3 |
---------------+----------+-----
Conjurations   | 2 |  2.4
Translocations | 2 |  2.4
Dodging        | |  2.0
Stealth        | |  2.6
Spellcasting   | |  3.7
Summonings     | |  1.0

Action                     |  1- 3 |  4- 6 || total
---------------------------+-------+-------++-------
  Melee: Dagger            |    60 |    18 ||    78
         Constrict         |    13 |     6 ||    19
         Tentacles         |     6 |     4 ||    10
   Cast: Magic Dart        |    23 |    28 ||    51
   Stab: Sleeping          |     7 |     2 ||     9
 Armour: Skin              |    26 |    17 ||    43
  Dodge: Dodged            |    36 |    13 ||    49

Table legend: (Time is in decaauts)
 A = Elapsed time spent in this place.
 B = Non-inter-level travel time spent in this place.
 C = Inter-level travel time spent in this place.
 D = Time resting spent in this place.
 E = Time spent auto-exploring this place.
 F = Levels seen in this place.
 G = Mean time per level.
                   A        B        C        D        E       F      G
               +--------+--------+--------+--------+--------+-----+--------+
         Total |   1557 |   1476 |     81 |    142 |   1039 |   3 |  519.0 |
       Dungeon |   1557 |   1476 |     81 |    142 |   1039 |   3 |  519.0 |
               +--------+--------+--------+--------+--------+-----+--------+

Top non-repeatable levels by time:
     D:1: 706 daAuts
     D:2: 602 daAuts
     D:3: 248 daAuts
